 Dungeon Crawl Stone Soup version 0.31.0-32-g396128a36d (webtiles) character file.

Game seed: 15569025915776119908

45839 SchramBam the Fighter (level 14, -1/124 (129) HPs)
             Began as a Minotaur Fighter on Apr 9, 2024.
             Was the Champion of Okawaru.
             Killed from afar by an orc sorcerer (20 damage)
             ... with a bolt of negative energy
             ... on level 2 of the Orcish Mines on Apr 10, 2024.
             The game lasted 01:26:38 (16994 turns).

SchramBam the Fighter (Minotaur Fighter)           Turns: 16994, Time: 01:26:39

HP:   -1/124 (129)  AC: 30    Str: 28    XL:     14   Next: 2%
MP:   13/13         EV:  7    Int:  9    God:    Okawaru [******]
Gold: 2780          SH:  0    Dex: 12    Spells: 13/13 levels left

rFire   x . .        X - +0 demon whip (venom)
rCold   + + .        O - +0 kite shield
rNeg    . . .        L - +4 plate armour {rC+}
rPois   .            (helmet restricted)
rElec   .            j - +2 cloak {rCorr}
rCorr   +            k - +0 pair of gloves
SInv    .            i - +0 pair of boots
Will    +....        y - amulet of reflection Stlth
                     V - ring of Socvai {Ice Str+4 Int+4}
HPRegen 0.40/turn    H - +4 ring of protection
MPRegen 0.13/turn

%: reflection
@: confused, lightly drained
A: horns 2, retaliatory headbutt
a: Renounce Religion, Heroism, Finesse, Duel, Receive Weapon, Receive Armour


You were on level 2 of the Orcish Mines.
You worshipped Okawaru.
Okawaru was exalted by your worship.
You visited 3 branches of the dungeon, and saw 18 of its levels.
You also visited: Bailey.

You collected 2780 gold pieces.

Inventory:

Hand Weapons
 X - a +0 demon whip of venom (weapon)
Missiles
 g - 49 poisoned darts
 s - 16 boomerangs
 B - 5 atropa-tipped darts
 C - 7 curare-tipped darts
 F - a javelin (quivered)
 J - 8 datura-tipped darts
 P - a silver javelin
 S - 2 darts of dispersal
Armour
 i - a +0 pair of boots (worn)
 j - a +2 cloak of preservation (worn)
 k - a +0 pair of gloves (worn)
 o - a scarf of invisibility
 L - a +4 plate armour of cold resistance (worn)
 O - a +0 kite shield (worn)
Jewellery
 q - a ring of willpower
 y - an amulet of reflection (around neck)
 H - a +4 ring of protection (right hand)
 T - a ring of willpower
 V - the ring of Socvai (left hand) {Ice Str+4 Int+4}
   (You found it on level 3 of the Lair of Beasts)

   [ring of ice]

   Ice:       It enhances your ice magic.
   Str+4:     It affects your strength (+4).
   Int+4:     It affects your intelligence (+4).
   rF-:       It makes you vulnerable to fire.
   rC+:       It protects you from cold.
Wands
 e - a wand of flame (26)
 m - a wand of mindburst (16)
 n - a wand of polymorph (3)
 u - a wand of paralysis (10)
 I - a wand of digging (5)
 U - a wand of light (3)
 Y - a wand of iceblast (9)
Scrolls
 a - a scroll of fear
 f - 2 scrolls of vulnerability
 h - 4 scrolls of teleportation
 l - 4 scrolls of amnesia
 v - 4 scrolls of revelation
 w - 2 scrolls of fog
 A - 2 scrolls of brand weapon
 E - 4 scrolls of blinking
 N - 3 scrolls of immolation
 R - 5 scrolls of enchant armour
Potions
 b - 2 potions of degeneration {unknown}
 d - 3 potions of might
 p - 2 potions of resistance
 r - a potion of brilliance
 t - 4 potions of enlightenment
 x - 3 potions of lignification
 z - 2 potions of haste
 D - a potion of invisibility {unknown}
 G - a potion of berserk rage {unknown}
 K - 3 potions of mutation
 Q - a potion of curing
 W - a potion of magic {unknown}
Miscellaneous
 c - a phial of floods (inert)


   Skills:
 + Level 13.4 Fighting
 + Level 13.1 Maces & Flails
 + Level 10.9 Throwing
 + Level 13.4 Armour
 + Level 13.3 Shields
 + Level 5.2 Evocations


You had 13 spell levels left.
You didn't know any spells.
Your spell library contained the following spells:

 Spells                   Type           Power      Damage    Failure   Level
 Sting                    Conj/Alch      0%         1d3       99%         1
 Mercury Vapours          Alch/Air       0%         N/A       99%         2
 Sublimation of Blood     Necr           0%         N/A       99%         2
 Inner Flame              Hex/Fire       0%         N/A       100%        3
 Manifold Assault         Tloc           0%         N/A       100%        4
 Olgreb's Toxic Radiance  Alch           0%         N/A       100%        4
 Irradiate                Conj/Alch      0%         3d11      100%        5
 Dispersal                Tloc           0%         N/A       100%        6
 Disjunction              Tloc           0%         N/A       100%        8
 Ignition                 Fire           0%         3d3       100%        8
 Call Imp                 Summ           Unusable   N/A       N/A         2
 Summon Hydra             Summ           Unusable   N/A       N/A         7

Dungeon Overview and Level Annotations

Branches:
Dungeon (11/15)            Temple (0/1) D:7            Lair (5/5) D:11
 Shoals (0/4) Lair:2       Spider (0/4) Lair:3        Slime (0/5) Lair:4
    Orc (2/2) D:11         Bailey (visited)
    Elf: Orc:2

Altars:
Ashenzari
Cheibriados
Makhleb
Okawaru
Wu Jian
Yredelemnul
Jiyva

Shops:
D:1 *   D:10 (::=   Orc:2 (:!*

Annotations:
D:9 1 runed translucent door, exclusion: orange crystal statue


Innate Abilities, Weirdness & Mutations

You have a pair of horns on your head.
You reflexively headbutt those who attack you in melee.


Message History

You hear a shout!
The orc wizard hits you but does no damage.
The orc priest mumbles some strange prayers to Beogh against you.
Beogh smites you!
* * * LOW HITPOINT WARNING * * *
You block the orc warrior's attack. You block the orc's attack.
You barely miss the orc wizard. You thrash the orc wizard!!
You kill the orc wizard!
Okawaru accepts your kill.
An orc wizard comes into view. It is wielding a +0 dagger.
The orc wizard casts a spell at you.
The magic dart hits you but does no damage.
The orc priest calls upon Beogh to heal the orc warrior.
The orc warrior's wounds heal themselves!
You block the orc warrior's attack. The orc hits you but does no damage.
You whack the orc wizard!
The orc wizard is severely wounded.
Your surroundings suddenly seem different.
The orc wizard shouts!
You hear a shout!
The orc priest calls upon Beogh to heal the orc warrior.
The orc warrior is healed somewhat.
The orc wizard gestures at you while chanting.
You are confused.
An orc sorcerer comes into view. It is wielding a +0 dagger.
The orc sorcerer shouts!
The orc priest calls upon Beogh to heal the orc warrior.
The orc warrior is healed somewhat.
You are no longer corroded.
The orc priest calls upon Beogh to heal the orc warrior.
The orc warrior's wounds heal themselves!
You thrash the orc wizard!!
You kill the orc wizard!
Okawaru accepts your kill. Okawaru grants you throwing weapons!
Something appears at your feet!
The orc priest begins to cast a cantrip, but forgets the words!
The orc sorcerer gestures at you while chanting.
The bolt of negative energy hits you!!
You feel drained.
You die...

.............#....##.##
####....#........#....#
#..........o.........#
##.##.#...............#
##.#.##.................
####.....##........#......#
##..#....##..o.....#.#......
#.......###.)....##........#
##........o@(.......
##.................
##..................
##.#.................
#....................
##...................
#.....#.............
##..................
#...................


You could see an orc sorcerer, an orc warrior and an orc priest.

Vanquished Creatures
  3 two-headed ogres
  Amaemon (Lair:3)
  2 skysharks
  Pikel (D:9)
  2 orc knights (Orc:2)
  2 orc sorcerers (Orc:2)
  Maurice (D:7)
  3 elephants (Lair:4)
  4 black mambas
  2 kobold blastminers (Orc:1)
  The ghost of Tripartite the Trooper, a novice DrCj (D:5)
  An orange demon (Lair:3)
  A gargoyle (D:11)
  7 cane toads
  Maggie (D:7)
  6 rime drakes
  A torpor snail (Lair:4)
  An unseen horror (D:11)
  A kobold demonologist (D:11)
  11 komodo dragons
  4 trolls
  Grinder (D:4)
  5 polar bears
  9 hornets
  4 blink frogs
  A dream sheep (Lair:5)
  12 spriggans (Lair:5)
  58 yaks
  A wraith (D:11)
  3 wyverns
  4 basilisks
  2 wargs
  A steam dragon (D:7)
  4 vampire mosquitoes (D:11)
  3 acid dragons
  10 water moccasins
  An ice beast (D:6)
  4 black bears
  17 orc warriors
  2 sky beasts
  2 ogres
  5 centaurs
  3 boggarts (Lair:5)
  39 wolves
  2 phantoms (D:5)
  11 kobold brigands
  A wyvern zombie (D:6)
  9 bullfrogs
  A gnoll sergeant (D:10)
  3 scorpions
  A water moccasin zombie (D:5)
  5 wights (D:8)
  3 killer bees (D:8)
  4 howler monkeys
  A bullfrog zombie (D:5)
  A centaur zombie (D:6)
  A jelly (D:5)
  13 orc priests
  2 bombardier beetles (D:4)
  A bullfrog skeleton (D:5)
  2 hounds
  2 gnoll boudas
  2 sleepcaps
  4 iguanas
  28 orc wizards
  5 hell rats (Lair:3)
  A howler monkey zombie (D:5)
  15 gnolls
  9 adders
  A howler monkey skeleton (D:5)
  2 shadow imps
  2 white imps
  5 dart slugs
  2 ribbon worms (D:3)
  42 orcs
  6 endoplasms
  A giant cockroach (D:1)
  3 goblins
  4 hobgoblins
  2 quokkas (D:4)
  11 ball pythons
  9 bats
  5 frilled lizards
  31 kobolds
  6 rats
506 creatures vanquished.

Vanquished Creatures (others)
  An orc wizard (Orc:2)
1 creature vanquished.

Grand Total: 507 creatures vanquished

Notes
Turn   | Place    | Note
-------+----------+-------------------------------------------
     0 | D:1      | SchramBam the Minotaur Fighter began the quest for the Orb.
     0 | D:1      | Reached XP level 1. HP: 19/19 MP: 0/0
   123 | D:1      | Found Fean's General Store.
   130 | D:1      | Reached XP level 2. HP: 17/27 MP: 1/1
   467 | D:1      | Reached XP level 3. HP: 33/33 MP: 2/2
   894 | D:2      | Reached skill level 1 in Throwing
   894 | D:2      | Reached XP level 4. HP: 30/40 MP: 3/3
  1044 | D:2      | Found an ornate altar of the Wu Jian Council.
  1326 | D:3      | Noticed a scorpion
  1331 | D:3      | Killed a scorpion
  1332 | D:3      | Reached XP level 5. HP: 47/47 MP: 4/4
  2029 | D:4      | Noticed a centaur
  2036 | D:4      | Killed a centaur
  2037 | D:4      | Reached skill level 5 in Fighting
  2037 | D:4      | Reached skill level 5 in Armour
  2037 | D:4      | Reached XP level 6. HP: 48/56 MP: 5/5
  2056 | D:4      | Reached skill level 5 in Shields
  2291 | D:4      | Noticed Grinder
  2304 | D:4      | Paralysed by Grinder for 4 turns
  2320 | D:4      | Killed Grinder
  2321 | D:4      | Reached XP level 7. HP: 47/61 MP: 6/6
  2459 | D:4      | HP: 3/61 [gnoll/+0 spear[a gnoll bouda] (4)]
  3064 | D:4      | Reached skill level 5 in Maces & Flails
  3302 | D:5      | Entered Level 5 of the Dungeon
  3312 | D:5      | Found a runed translucent gate.
  3312 | D:5      | Found a runed translucent gate.
  3312 | D:5      | Found a runed translucent gate.
  3313 | D:5      | Noticed Tripartite's ghost (novice DrCj)
  3551 | D:5      | Reached XP level 8. HP: 53/70 MP: 7/7
  4511 | D:5      | Killed Tripartite's ghost
  5135 | D:6      | Reached skill level 5 in Throwing
  5135 | D:6      | Reached XP level 9. HP: 79/79 MP: 8/8
  5523 | D:6      | Found a basalt altar of Yredelemnul.
  5688 | D:7      | Noticed Maurice
  5732 | D:7      | Something stole a ring of wizardry
  5734 | D:7      | Something stole 8 poisoned darts
  5754 | D:7      | Something stole 112 gold
  5755 | D:7      | Something stole 268 gold
  5757 | D:7      | Something stole 62 gold
  5759 | D:7      | Found a snail-covered altar of Cheibriados.
  5856 | D:7      | Killed Maurice
  6126 | D:7      | Found an iron altar of Okawaru.
  6181 | D:7      | Became a worshipper of Warmaster Okawaru
  6261 | D:7      | Found a staircase to the Ecumenical Temple.
  6316 | D:7      | Noticed Maggie
  6325 | D:7      | Killed Maggie
  6701 | D:8      | Found a flagged portal.
  6713 | D:8      | Reached * piety under Okawaru
  6720 | Bailey   | Entered a bailey
  6809 | Bailey   | Reached XP level 10. HP: 78/90 MP: 9/9
  6853 | Bailey   | Found a burning altar of Makhleb.
  6869 | Bailey   | Identified the +8 falchion of SchramBam's Peril {freeze,
                  | rElec Str+3}
  7089 | D:8      | Reached ** piety under Okawaru
  7309 | D:8      | Noticed a two-headed ogre
  7330 | D:8      | Killed a two-headed ogre
  7626 | D:9      | Found a runed translucent door.
  7641 | D:9      | Found a runed translucent door.
  7654 | D:9      | Found a runed translucent door.
  7703 | D:9      | Noticed Pikel
  7709 | D:9      | Killed Pikel
  7740 | D:9      | Found a runed translucent door.
  7788 | D:9      | Reached *** piety under Okawaru
  8233 | D:9      | Reached **** piety under Okawaru
  8234 | D:9      | Reached XP level 11. HP: 88/99 MP: 10/10
  8412 | D:9      | Noticed an orange crystal statue
  8750 | D:10     | Entered Level 10 of the Dungeon
  8769 | D:10     | Found Lifre Vero's Weapon Emporium.
  8770 | D:10     | Found a broken altar of Ashenzari.
  8807 | D:10     | Found Omeimumun's Book Emporium.
  8907 | D:10     | Found Ydeddycuh's Book Boutique.
  8926 | D:10     | Reached skill level 10 in Fighting
  8926 | D:10     | Reached skill level 10 in Armour
  8926 | D:10     | Reached skill level 10 in Shields
  8988 | D:10     | Found a burning altar of Makhleb.
  9007 | D:10     | Noticed a two-headed ogre
  9015 | D:10     | Killed a two-headed ogre
  9235 | D:10     | Noticed a two-headed ogre
  9243 | D:10     | Killed a two-headed ogre
  9243 | D:10     | Reached ***** piety under Okawaru
  9244 | D:10     | Reached skill level 10 in Maces & Flails
  9335 | D:10     | Received a gift from Okawaru
  9541 | D:10     | Found Tuokh's Jewellery Shop.
  9948 | D:11     | Found a staircase to the Orcish Mines.
 10486 | D:11     | Found a staircase to the Lair.
 10774 | Lair:1   | Entered Level 1 of the Lair of Beasts
 10905 | Lair:1   | Received a gift from Okawaru
 11018 | Lair:1   | Reached XP level 12. HP: 110/110 MP: 11/11
 11699 | Lair:2   | Reached skill level 1 in Evocations
 11899 | Lair:2   | Received a gift from Okawaru
 12061 | Lair:2   | Found a staircase to the Shoals.
 12849 | Lair:3   | Found a hole to the Spider Nest.
 12945 | Lair:3   | Reached ****** piety under Okawaru
 12950 | Lair:3   | Received a gift from Okawaru
 13367 | Lair:3   | Identified the ring of Socvai {Ice Str+4 Int+4}
 13610 | Lair:3   | Noticed Amaemon
 13627 | Lair:3   | Killed Amaemon
 13875 | Lair:4   | Found a staircase to the Slime Pits.
 13875 | Lair:4   | Found a viscous altar of Jiyva.
 13914 | Lair:4   | Reached XP level 13. HP: 119/119 MP: 12/12
 13926 | Lair:4   | Received a gift from Okawaru
 14109 | Lair:4   | Reached skill level 10 in Throwing
 14334 | Lair:4   | You fall into a shaft and drop 1 floor!
 14334 | Lair:5   | Entered Level 5 of the Lair of Beasts
 15043 | Lair:5   | Received a gift from Okawaru
 15626 | Lair:5   | Received a gift from Okawaru
 16082 | Orc:1    | Entered Level 1 of the Orcish Mines
 16121 | Orc:1    | Reached skill level 5 in Evocations
 16356 | Orc:2    | Entered Level 2 of the Orcish Mines
 16885 | Orc:2    | Reached XP level 14. HP: 96/129 MP: 13/13
 16951 | Orc:2    | Found Cadupedu's Assorted Antiques.
 16951 | Orc:2    | Found Gimewn's Antique Weapon Shop.
 16951 | Orc:2    | Found Decsu's Book Shop.
 16961 | Orc:2    | Found Kutommu's Distillery.
 16993 | Orc:2    | Received a gift from Okawaru
 16994 | Orc:2    | Killed from afar by an orc sorcerer

Illustrated notes

Levels and vault maps discovered:
D:1:      ebering_trefoil_twist, layout_loops_ring, serial_shops,
          nicolae_shop_just_a_little_nook
D:2:      layout_basic, basic_altar
D:3:      layout_basic
D:4:      cheibrodos_helix_gallery, layout_basic, uniq_grinder
D:5:      layout_basic, gammafunk_ghost_necromancy
D:6:      layout_loops_cross, lemuel_zombie_altar_yredelemnul
D:7:      layout_rooms, mainiacjoe_overflow_concentric_impassable,
          kennysheep_slug_shrine, minmay_temple_entry_hall, minmay_circle_x,
          uniq_maggie, uniq_maurice
D:8:      layout_rooms, enter_bailey_2, minmay_quadrilaterals
D:9:      layout_irregular_city, minmay_statue_crystal_thing, uniq_pikel
D:10:     layout_irregular_city, ashenzari_altar_1,
          nicolae_overflow_hidden_temple, serial_shops, shop,
          nicolae_shop_peninsula, nicolae_shop_just_a_little_nook,
          nicolae_shop_tiny_glass, nicolae_straight_to_the_point
D:11:     layout_big_octagon, erik_lair_dragon
Lair:1:   layout_hall_layers, serial_bayou_shore_a, grunt_megastairs_1
Lair:2:   layout_cave_pods, minmay_shoals_entry_centaurs, grunt_megastairs_3,
          serial_bayou_shore_b
Lair:3:   layout_chaotic_city, spider_nest_entry_web_field,
          infiniplex_staircase_pool_2, uniq_amaemon
Lair:4:   layout_misc_corridors, slime_entry_1
Lair:5:   minmay_lair_end_enchanted_forest, layout_loops_ring,
          lemuel_fruit_fields
Orc:1:    layout_diamond_mine, nicolae_shop_self_help
Orc:2:    st_orc_mages, layout_caves, basic_altar

Skill      XL: |  1  2  3  4  5  6  7  8  9 10 11 12 13 |
---------------+----------------------------------------+-----
Fighting       | 4 5 6 7 8 9 11 12 13 | 13.4
Armour         | 4 5 6 7 8 9 11 12 13 | 13.4
Shields        | 4 5 6 7 8 9 11 12 13 | 13.3
Maces & Flails | 3 4 5 6 8 9 10 12 13 | 13.1
Throwing       | 1 2 3 5 6 7 8 9 10 | 10.9
Evocations     | 3 5 |  5.2

Action                     |  1- 3 |  4- 6 |  7- 9 | 10-12 | 13-15 || total
---------------------------+-------+-------+-------+-------+-------++-------
  Melee: Flail             |    75 |    81 |   342 |   575 |       ||  1073
         Headbutt          |     8 |    10 |    61 |   154 |   117 ||   350
         Demon whip        |       |       |       |    21 |   535 ||   556
  Throw: Dart              |     1 |    11 |    42 |    22 |       ||    76
         Boomerang         |       |    29 |       |   147 |   107 ||   283
         Javelin           |       |       |    28 |    42 |    21 ||    91
 Invoke: Heroism           |       |       |       |       |     1 ||     1
  Evoke: Wand              |       |       |       |     1 |     1 ||     2
         Phial of floods   |       |       |       |       |     1 ||     1
    Use: Scroll            |       |       |     9 |    11 |     4 ||    24
         Potion            |       |       |     7 |     4 |     2 ||    13
 Armour: Scale mail        |    43 |    11 |       |       |       ||    54
         Ring mail         |       |    49 |   292 |     7 |       ||   348
         Plate armour      |       |       |       |   560 |   240 ||   800
  Dodge: Dodged            |    31 |    47 |   154 |   115 |    59 ||   406
  Block: Buckler           |    13 |    26 |   223 |   116 |       ||   378
         Reflection        |       |       |    13 |    20 |    10 ||    43
         Kite shield       |       |       |       |   452 |   370 ||   822
